 Dungeon Crawl Stone Soup version 0.28-a0-863-g8cecda6153 (webtiles) character file.

Game seed: 1316979255328056973

5487 siradein the Magus (level 10, -2/80 HPs)
             Began as a Demonspawn Fighter on Nov 17, 2021.
             Was an Elder of Nemelex Xobeh.
             Slain by a centaur (19 damage)
             ... on level 9 of the Dungeon.
             The game lasted 00:27:05 (11115 turns).

siradein the Magus (Demonspawn Fighter)            Turns: 11115, Time: 00:27:07

Health: -2/80      AC: 14    Str: 22    XL:     10   Next: 42%
Magic:  16/16      EV:  3    Int: 16    God:    Nemelex Xobeh [****..]
Gold:   471        SH: 14    Dex: 13    Spells: 9/9 levels left

rFire   + . .      SeeInvis .   a - +0 long sword
rCold   . . .      Faith    .   q - +0 tower shield
rNeg    . . .      Spirit   .   d - +0 plate armour
rPois   .          Reflect  .   (helmet restricted)
rElec   .          Harm     +   M - +0 cloak
rCorr   .          Rampage  .   n - +1 pair of gloves of Puhiowu {Harm Will+ Regen+ Str+3}
Will    +....                   (no boots)
Stlth   ..........              (no amulet)
HPRegen 1.23/turn               o - ring of protection from fire
MPRegen 0.15/turn               u - +6 ring of intelligence

@: corroded
A: horns 1, thin metallic scales 1, powered by pain 2, spiny 2
a: Renounce Religion, Draw Escape, Draw Destruction, Draw Summoning, Triple
Draw, Deal Four


You were on level 9 of the Dungeon.
You worshipped Nemelex Xobeh.
Nemelex Xobeh was greatly pleased with you.
You visited 1 branch of the dungeon, and saw 9 of its levels.

You collected 471 gold pieces.

Inventory:

Hand Weapons
 a - a +0 long sword (weapon)
Missiles
 e - 51 poisoned darts (quivered)
 D - 5 boomerangs of dispersal
 L - 2 curare-tipped darts
Armour
 d - a +0 plate armour (worn)
 n - the +1 pair of gloves of Puhiowu (worn) {Harm Will+ Regen+ Str+3}
   (You found it on level 8 of the Dungeon)

   Str:       It affects your strength (+3).
   Regen:     It increases your rate of health regeneration.
   Harm:      It increases damage dealt and taken.
   Will:      It increases your willpower.
 q - a +0 tower shield (worn)
 M - a +0 cloak (worn)
Jewellery
 f - a ring of poison resistance
 o - a ring of protection from fire (left hand)
 u - a +6 ring of intelligence (right hand)
Wands
 g - a wand of polymorph (16)
 k - a wand of charming (8)
 y - a wand of digging (3)
 G - a wand of iceblast (16)
Scrolls
 b - 8 scrolls of identify {unknown}
 h - 3 scrolls of enchant armour {unknown}
 i - 5 scrolls of teleportation {unknown}
 p - a scroll of amnesia {unknown}
 r - 3 scrolls of magic mapping {unknown}
 v - a scroll of brand weapon {unknown}
 w - 2 scrolls of immolation {unknown}
 x - a scroll of enchant weapon {unknown}
 C - a scroll of holy word {unknown}
 I - a scroll of silence {unknown}
 J - a scroll of torment {unknown}
 K - a scroll of acquirement {unknown}
 N - a scroll of noise {unknown}
 O - a scroll of blinking {unknown}
Potions
 c - a potion of berserk rage
 j - 6 potions of heal wounds {unknown}
 l - a potion of brilliance {unknown}
 m - 2 potions of lignification {unknown}
 s - 4 potions of resistance
 t - a potion of might
 z - 2 potions of degeneration {unknown}
 A - 3 potions of cancellation {unknown}
 B - 3 potions of haste {unknown}
 E - 2 potions of mutation {unknown}
 F - 2 potions of curing {unknown}
 H - a potion of flight {unknown}
 P - a potion of invisibility {unknown}


   Skills:
 + Level 7.6 Fighting
 + Level 6.6 Long Blades
 + Level 7.0 Armour
 + Level 7.0 Shields
 + Level 8.9 Invocations


You had 9 spell levels left.
You didn't know any spells.
Your spell library contained the following spells:

 Spells                   Type           Power      Damage    Failure   Level
 Animate Skeleton         Necr           0%         N/A       100%        1
 Apportation              Tloc           0%         N/A       100%        1
 Summon Small Mammal      Summ           0%         N/A       100%        1
 Static Discharge         Conj/Air       0%         N/A       100%        2
 Conjure Flame            Conj/Fire      0%         6-21      100%        3
 Ignite Poison            Fire/Tmut/Pois 0%         N/A       100%        3
 Animate Dead             Necr           0%         N/A       100%        4
 Fulminant Prism          Conj/Hex       0%         3d6       100%        4
 Iskenderun's Mystic Bla  Conj/Tloc      0%         2d3       100%        4
 Sticky Flame             Conj/Fire      0%         2d3       100%        4
 Freezing Cloud           Conj/Ice/Air   0%         6-21      100%        5
 Lee's Rapid Deconstruct  Erth           0%         3d5*      100%        5
 Lightning Bolt           Conj/Air       0%         1d11      100%        5
 Simulacrum               Ice/Necr       0%         N/A       100%        6
 Haunt                    Necr/Summ      0%         N/A       100%        7
 Infestation              Necr           0%         N/A       100%        8
 Maxwell's Capacitive Co  Air            0%         ∞         100%        8
 Polar Vortex             Ice            0%         N/A       100%        9


Dungeon Overview and Level Annotations

Branches:
Dungeon (9/15)             Temple (0/1) D:7
   Lair: D:8-11         Orc: D:9-12

Altars:
Nemelex Xobeh
Ru
Sif Muna
Zin

Shops:
D:9 [


Innate Abilities, Weirdness & Mutations

You have a pair of small horns on your head.
You are partially covered in thin metallic scales. (AC +2)
You sometimes gain power by taking damage.
You are mostly covered in sharp spines.


Message History

You blow up the five-headed hydra!
Your Armour skill increases to level 7!
Your Shields skill increases to level 7!
Found 26 arrows.
You open the door.
There is an open door here.
There is an open door here.
There is an open door here.
Found a stone staircase leading down.
There is a stone staircase leading down here.
A centaur comes into view.
It is wielding a +0 war axe and carrying a wand of acid (8).
A centaur is nearby!
A centaur is nearby!
A centaur is nearby!
A centaur is nearby!
The centaur shouts!
The centaur unwields a +0 war axe.
The centaur wields a +0 shortbow.
The centaur shoots an arrow.
You block the arrow.
There is an open door here.
The centaur shoots an arrow.
You block the arrow.
The centaur shoots an arrow.
The arrow completely misses you.
The centaur zaps a wand.
The bolt of acid hits you!! The acid corrodes you!
The centaur shoots an arrow.
You block the arrow.
The centaur unwields a +0 shortbow.
The centaur wields a +0 war axe.
The centaur drinks a potion.
The centaur goes berserk!
You block the centaur's attack. x2
You hit the centaur. Your headbutt misses the centaur.
The centaur is lightly wounded.
The centaur hits you with a +0 war axe! You block the centaur's attack. x2
The centaur completely misses you. The centaur barely misses you.
The centaur kicks you but does no damage.
You hit the centaur.
The centaur is moderately wounded.
The centaur is struck by your spines. The centaur hits you with a +0 war axe!
You block the centaur's attack. The centaur hits you with a +0 war axe!
* * * LOW HITPOINT WARNING * * *
You block the centaur's attack. The centaur is struck by your spines.
The centaur hits you with a +0 war axe!
You die...
Your body disappears without a glow.

.#####.#..............#.........#
.......#).............#.........#
.......'..............#.........#
.......#..............#.........#
.......#..............#.........#
.......#..............#.........#
.......#....##.......##........(#
########....##.c.....#..........#
#........@....#....###...#
#.............#....# #...#
#.............#....###...#
#.............#..........#
#############'#..........#
......................#
#.......###...........# #.......#
#...........# #.......#
#...........#


You could see a centaur (berserk).

Vanquished Creatures
  A hydra (D:9)
  Pikel (D:5)
  Prince Ribbit (D:8)
  Grinder (D:4)
  A shadow (D:7)
  A wyvern (D:9)
  2 steam dragons (D:8)
  Menkaure (D:7)
  A naga (D:6)
  Duvessa (D:4)
  2 black bears
  An ice beast (D:6)
  An orc warrior (D:9)
  A sky beast (D:5)
  A swamp drake (D:5)
  3 necrophages
  3 ogres
  4 centaurs
  4 kobold brigands
  A scorpion (D:3)
  Dowan (D:4)
  3 killer bees
  2 howler monkeys
  3 centaur zombies
  Crazy Yiuf (D:7)
  A hound (D:6)
  6 orc priests
  3 jellies
  A centaur skeleton (D:6)
  Ijyb (D:5)
  2 iguanas (D:6)
  12 orc wizards
  2 killer bee zombies
  2 howler monkey skeletons
  4 gnolls (D:3)
  8 adders
  A shadow imp (D:6)
  2 ufetubi
  3 worms
  5 dart slugs
  36 orcs
  6 bats
  6 endoplasms
  9 giant cockroaches
  9 goblins
  4 hobgoblins
  A jackal (D:5)
  24 kobolds
  2 quokkas
  10 ball pythons
  4 frilled lizards
  2 rats (D:1)
208 creatures vanquished.

Notes
Turn   | Place    | Note
-------+----------+-------------------------------------------
     0 | D:1      | siradein the Demonspawn Fighter began the quest for the
                  | Orb.
     0 | D:1      | Reached XP level 1. HP: 18/18 MP: 1/1
    78 | D:1      | Gained mutation: You are partially covered in sharp spines.
                  | [demonic ancestry]
    78 | D:1      | Reached XP level 2. HP: 21/24 MP: 2/2
   729 | D:1      | You fall into a shaft and drop 1 floor!
   736 | D:2      | Gained mutation: You are partially covered in thin metallic
                  | scales. (AC +2) [demonic ancestry]
   736 | D:2      | Reached XP level 3. HP: 27/29 MP: 3/3
   906 | D:2      | Found a sparkling altar of Nemelex Xobeh.
   914 | D:2      | Became a worshipper of Nemelex Xobeh the Trickster
  1293 | D:2      | Reached skill level 1 in Invocations
  1368 | D:2      | Gained mutation: You sometimes gain a little power by
                  | taking damage. [demonic ancestry]
  1368 | D:2      | Reached XP level 4. HP: 35/35 MP: 4/4
  1921 | D:3      | Noticed a scorpion
  1926 | D:3      | Killed a scorpion
  1927 | D:3      | Reached XP level 5. HP: 32/42 MP: 4/6
  2355 | D:3      | Reached skill level 2 in Invocations
  2994 | D:4      | Reached * piety under Nemelex Xobeh
  2994 | D:4      | Noticed a necrophage
  3001 | D:4      | Killed a necrophage
  3002 | D:4      | Gained mutation: You sometimes gain power by taking damage.
                  | [demonic ancestry]
  3002 | D:4      | Reached XP level 6. HP: 47/48 MP: 6/8
  3097 | D:4      | Reached skill level 3 in Invocations
  3447 | D:4      | Noticed Grinder
  3450 | D:4      | Paralysed by Grinder for 5 turns
  3458 | D:4      | Killed Grinder
  3459 | D:4      | Gained mutation: You have a pair of small horns on your
                  | head. [demonic ancestry]
  3459 | D:4      | Reached XP level 7. HP: 23/55 MP: 9/9
  3644 | D:4      | Received a gift from Nemelex Xobeh
  3917 | D:5      | Entered Level 5 of the Dungeon
  3954 | D:5      | Reached skill level 4 in Invocations
  4086 | D:5      | Reached ** piety under Nemelex Xobeh
  4162 | D:5      | Reached skill level 5 in Fighting
  4248 | D:5      | Found a sacrificial altar of Ru.
  4248 | D:5      | Noticed Duvessa
  4249 | D:5      | Noticed Dowan
  4292 | D:4      | Killed Duvessa
  4293 | D:4      | Reached XP level 8. HP: 30/62 MP: 11/11
  4293 | D:4      | Killed Dowan
  4294 | D:4      | Reached skill level 5 in Invocations
  4737 | D:5      | Noticed Ijyb
  4750 | D:5      | Killed Ijyb
  4751 | D:5      | Reached skill level 5 in Shields
  4823 | D:5      | Received a gift from Nemelex Xobeh
  4916 | D:5      | Noticed Pikel
  4977 | D:5      | Killed Pikel
  4978 | D:5      | Reached skill level 5 in Armour
  4978 | D:5      | Reached skill level 6 in Invocations
  5564 | D:6      | Reached skill level 5 in Long Blades
  5871 | D:6      | Reached XP level 9. HP: 64/69 MP: 13/13
  6059 | D:6      | Found a sparkling altar of Nemelex Xobeh.
  6292 | D:6      | Reached *** piety under Nemelex Xobeh
  6425 | D:6      | Received a gift from Nemelex Xobeh
  6726 | D:7      | Noticed Menkaure
  6734 | D:7      | Killed Menkaure
  7037 | D:7      | Reached skill level 7 in Invocations
  7894 | D:7      | Found a shimmering blue altar of Sif Muna.
  8218 | D:7      | Received a gift from Nemelex Xobeh
  8513 | D:7      | Found a staircase to the Ecumenical Temple.
  8552 | D:7      | Found a runed translucent door.
  8553 | D:7      | Noticed Crazy Yiuf
  8936 | D:7      | Killed Crazy Yiuf
  9374 | D:8      | Reached skill level 8 in Invocations
  9376 | D:8      | Received a gift from Nemelex Xobeh
  9618 | D:8      | Gained mutation: You are mostly covered in sharp spines.
                  | [demonic ancestry]
  9618 | D:8      | Reached XP level 10. HP: 79/79 MP: 16/16
  9640 | D:8      | Noticed Prince Ribbit
  9672 | D:8      | Killed Prince Ribbit
  9805 | D:8      | Reached **** piety under Nemelex Xobeh
  9911 | D:8      | Identified the +1 pair of gloves of Puhiowu {Harm Will+
                  | Regen+ Str+3}
 10797 | D:9      | Received a gift from Nemelex Xobeh
 10916 | D:9      | Found Bysoqeol's Antique Armour Emporium.
 11002 | D:9      | Noticed a five-headed hydra
 11007 | D:9      | Killed a five-headed hydra
 11115 | D:9      | Slain by a centaur

Illustrated notes

Levels and vault maps discovered:
D:1:      matt_arrival_spirals, layout_rooms, minmay_split_cup_small
D:2:      layout_rooms, basic_altar, grunt_decor_resistance, nrook_campfire,
          grunt_decor_junction, minmay_crystal_water, grunt_decor_fettered,
          minmay_misc_feat_iff
D:3:      layout_loops_corners, minmay_puff
D:4:      layout_loops_ring, uniq_grinder
D:5:      layout_gridville, nicolae_ru_great_annihilating_truth, st_stairs_13,
          hangedman_decor_points, uniq_duvessa, uniq_ijyb, uniq_pikel
D:6:      layout_basic, old_standard_altar, minmay_misc_feat_roman
D:7:      nicolae_cairo_tiling_large_dashed, layout_loops_ring,
          mainiacjoe_overflow_swirl, minmay_temple_entry_purple_smoke,
          serial_co_window_serial, co_window_paths_b, co_window_paths_b,
          co_window_cross_1, co_window_of_opportunity_a,
          co_window_of_opportunity_a, co_window_paths_a,
          co_window_of_opportunity_a, co_window_broadway_c, co_window_paths_c,
          uniq_menkaure, uniq_crazy_yiuf_cottage
D:8:      layout_basic, uniq_prince_ribbit1
D:9:      layout_stronghold, gammafunk_temple_overflow_wave, serial_shops,
          nicolae_diamond_shop, grunt_decor_arrowhead, minmay_misc_feat_tiny

Skill      XL: |  1  2  3  4  5  6  7  8  9 10 |
---------------+-------------------------------+-----
Long Blades    | 2 3 4 5 6 |  6.6
Armour         | 3 4 5 6 7 |  7.0
Shields        | 3 4 5 6 7 |  7.0
Invocations    | 1 2 3 4 6 8 |  8.9
Fighting       | 4 5 6 7 |  7.6

Action                   |  1- 3 |  4- 6 |  7- 9 | 10-12 || total
-------------------------+-------+-------+-------+-------++-------
Melee: Long sword        |    80 |    88 |   280 |    84 ||   532
       Headbutt          |       |       |    52 |    16 ||    68
Throw: Dart              |       |     3 |       |       ||     3
Invok: Draw Destruction  |       |       |    10 |     6 ||    16
  Use: Potion            |       |     1 |       |       ||     1
 Stab: Invisible         |       |       |     1 |       ||     1
       Paralysed         |       |       |     1 |       ||     1
Armor: Scale mail        |    40 |    15 |    89 |       ||   144
       Chain mail        |       |    12 |       |       ||    12
       Ring mail         |       |    13 |    46 |       ||    59
       Plate armour      |       |       |    41 |    76 ||   117
Dodge: Dodged            |    24 |    38 |    58 |    15 ||   135
Block: Buckler           |    12 |    11 |       |       ||    23
       Tower shield      |       |    15 |   245 |    83 ||   343

Table legend: (Time is in decaauts)
 A = Elapsed time spent in this place.
 B = Non-inter-level travel time spent in this place.
 C = Inter-level travel time spent in this place.
 D = Time resting spent in this place.
 E = Time spent auto-exploring this place.
 F = Levels seen in this place.
 G = Mean time per level.
                   A        B        C        D        E       F      G
               +--------+--------+--------+--------+--------+-----+--------+
         Total |  11368 |  10885 |    483 |    786 |   8026 |   9 | 1263.1 |
       Dungeon |  11368 |  10885 |    483 |    786 |   8026 |   9 | 1263.1 |
               +--------+--------+--------+--------+--------+-----+--------+

Top non-repeatable levels by time:
     D:6: 1889 daAuts
     D:7: 1682 daAuts
     D:8: 1376 daAuts
     D:3: 1362 daAuts
     D:5: 1340 daAuts
     D:4: 1206 daAuts
     D:2: 976 daAuts
     D:9: 791 daAuts
     D:1: 741 daAuts
